 Dungeon Crawl Stone Soup version 0.18-a0-844-g9229740 (webtiles) character file.

692 tof the Ducker (level 7, -13/61 HPs)
             Began as a Minotaur Monk on Dec 18, 2015.
             Was a Priest of Zin.
             Killed by divine providence
             ... invoked by an orc priest
              (15 damage)
             ... on level 4 of the Dungeon.
             The game lasted 00:17:27 (3899 turns).

tof the Ducker (Minotaur Monk)                      Turns: 3899, Time: 00:17:28

Health: -13/61     AC: 10    Str: 16    XL:     7   Next: 36%
Magic:  0/6        EV: 12    Int: 12    God:    Zin [***...]
Gold:   148        SH:  0    Dex: 14    Spells: 0 memorised, 6 levels left

rFire  . . .     SeeInvis .     l - +4 flail (holy)
rCold  . . .     Gourm    .     n - +1 scale mail
rNeg   . . .     Faith    .     (no shield)
rPois  .         Spirit   +     (helmet restricted)
rElec  .         Dismiss  .     o - +2 cloak
rCorr  .         Reflect  .     (no gloves)
SustAt .         Harm     .     (no boots)
MR     .....                    f - amulet of guardian spirit
Stlth  +.........               (no ring)
                                (no ring)

@: brilliant, not resistant to hostile enchantments, very unstealthy
A: retaliatory headbutt, horns 2
a: Recite, Vitalisation, Imprison, Donate Gold, Renounce Religion


You were on level 4 of the Dungeon.
You worshipped Zin.
Zin was most pleased with you.
You were not hungry.

You visited 1 branch of the dungeon, and saw 4 of its levels.

You collected 241 gold pieces.
You donated 93 gold pieces to Zin.

Inventory:

Hand Weapons
 d - a +1 hand axe
 g - a +0 scythe
 h - a +1 short sword of speed
 l - a +4 flail of holy wrath (weapon)
Missiles
 a - 6 javelins (quivered)
Armour
 n - a +1 scale mail (worn)
 o - a +2 cloak (worn)
Jewellery
 f - an amulet of guardian spirit (around neck)
Scrolls
 e - 2 scrolls of remove curse
 m - 2 scrolls of amnesia
 p - a scroll of identify
Potions
 i - 4 potions of curing
 k - a potion of might
Comestibles
 b - 2 bread rations
 j - 2 meat rations


   Skills:
 + Level 5.6 Fighting
 + Level 1.5 Short Blades
 + Level 1.0 Axes
 + Level 2.9 Armour
 + Level 5.7 Dodging
 + Level 3.3 Stealth
 + Level 5.6 Unarmed Combat


You had 6 spell levels left.
You didn't know any spells.

Dungeon Overview and Level Annotations

Branches:
Dungeon (4/15)
 Temple: D:4-7

Altars:
Nemelex Xobeh
Qazlal
Vehumet
Zin


Innate Abilities, Weirdness & Mutations

You reflexively headbutt those who attack you in melee.
You have a pair of horns on your head.


Message History

It was a potion of brilliance.
You feel clever all of a sudden.
The orc priest mumbles some strange prayers to Beogh against you.
Something smites you!
* * * LOW HITPOINT WARNING * * *
Unknown command.
The orc priest mumbles some strange prayers to Beogh against you.
Pain shoots through your body!
* * * LOW HITPOINT WARNING * * *
The orc priest calls down the wrath of Beogh upon you.
Something smites you! Zin protects you from harm!
Things that are here:
a club; an orc corpse
Things that are here:
a leather armour; a stone; the human corpse of Edmund The orc priest looks braver for a moment.
The orc priest invokes the aid of Beogh against you.
Something smites you!
You die...

...##.##)##..#.#........#
##.##....<#....#......###
##.##..####.....)...#.#
...##...#....##..o....#
######..#.##.##.#o#.#.# #
####......##.....#.#
####.....###.####[..###
.....##..###.####.(##
####.##....#.##.@..# #
#.....§.§.#.....# #
#.#..§.§........#
....§._...(.....###
..#..§§§..(..(....##
..........(..(.....#
....##...(...###.## #
#.......# .# #..>....# #


You could see 2 orc priests.

Vanquished Creatures
  Sigmund (D:2)
  Edmund (D:4)
  An orc priest (D:4)
  A giant frog skeleton (D:4)
  3 orc wizards (D:4)
  A centaur skeleton (D:4)
  A hound skeleton (D:4)
  3 gnolls (D:3)
  11 adders
  2 oozes
  2 worms (D:2)
  4 giant geckos
  6 orcs (D:4)
  5 giant cockroaches
  7 goblins
  4 hobgoblins
  2 jackals (D:2)
  8 kobolds
  3 ball pythons
  7 bats
  3 giant newts
  A quokka (D:2)
  10 rats
87 creatures vanquished.

Notes
Turn   | Place    | Note
--------------------------------------------------------------
     0 | D:1      | tof the Minotaur Monk began the quest for the Orb.
     0 | D:1      | Reached XP level 1. HP: 19/19 MP: 0/0
   228 | D:1      | Reached XP level 2. HP: 25/27 MP: 1/1
  1312 | D:2      | Reached skill level 5 in Unarmed Combat
  1312 | D:2      | Reached XP level 3. HP: 28/33 MP: 2/2
  1482 | D:2      | Noticed Sigmund
  1492 | D:2      | Killed Sigmund
  1492 | D:2      | Reached skill level 5 in Dodging
  1492 | D:2      | Reached XP level 4. HP: 31/41 MP: 1/3
  1492 | D:2      | Reached XP level 5. HP: 35/47 MP: 1/4
  2110 | D:2      | Reached XP level 6. HP: 48/53 MP: 5/5
  2882 | D:3      | Found a glowing silver altar of Zin.
  2887 | D:3      | Became a worshipper of Zin the Law-Giver
  2887 | D:3      | Reached * piety under Zin
  2887 | D:3      | Reached ** piety under Zin
  2888 | D:3      | Donated 69 gold pieces to Zin
  3163 | D:4      | Reached skill level 5 in Fighting
  3163 | D:4      | Reached skill level 1 in Armour
  3209 | D:4      | Reached skill level 1 in Axes
  3249 | D:4      | Reached *** piety under Zin
  3377 | D:4      | Found a radiant altar of Vehumet.
  3549 | D:4      | Reached skill level 1 in Short Blades
  3564 | D:4      | Reached XP level 7. HP: 53/61 MP: 6/6
  3661 | D:4      | Found a sparkling altar of Nemelex Xobeh.
  3662 | D:4      | Found a stormy altar of Qazlal.
  3715 | D:4      | Noticed Edmund
  3762 | D:4      | Killed Edmund
  3894 | D:4      | HP: 1/61 [orc priest/nerve-wracking pain (10)]
  3894 | D:4      | Zin protects you from harm!
  3899 | D:4      | Killed from afar by an orc priest

Vault maps used:
D:1:      minmay_arrival_open_corners, serial_curves, eino_curves_01,
          eino_curves_01
D:2:      kennysheep_six_static_rooms, uniq_sigmund
D:3:      lemuel_doored_altar
D:4:      fiery_altar_vehumet, gammafunk_temple_overflow_pools, uniq_edmund

Action                   |  1- 3 |  4- 6 |  7- 9 || total
-------------------------+-------+-------+-------++-------
Melee: Dagger            |     8 |       |       ||     8
       Short sword       |    35 |   136 |    26 ||   197
       Unarmed           |     1 |       |       ||     1
       Hand axe          |    31 |       |       ||    31
       Scythe            |       |     2 |       ||     2
       Flail             |       |       |     1 ||     1
Invok: Donate Gold       |       |     1 |       ||     1
  Use: Scroll            |     5 |     6 |       ||    11
       Potion            |     4 |     1 |     1 ||     6
 Stab: Sleeping          |     3 |     4 |       ||     7
  Eat: Chunk             |     2 |     5 |       ||     7
       Pizza             |       |     1 |       ||     1
       Royal jelly       |       |       |     1 ||     1
